 Dungeon Crawl Stone Soup version 0.29.1-15-g9cfb28693d (webtiles) character file.

Game seed: 4260949502974288648

57 TittyCrusher the Magician (level 4, 0/27 HPs)
             Began as an Octopode Earth Elementalist on Apr 13, 2023.
             Slain by Terence
             ... wielding a +0 short sword
              (1 damage)
             ... on level 2 of the Dungeon.
             The game lasted 00:05:13 (1434 turns).

TittyCrusher the Magician (OpEE)                    Turns: 1434, Time: 00:05:13

Health: 0/27       AC:  1    Str:  7    XL:     4   Next: 0%
Magic:  1/9        EV: 17    Int: 19    God:
Gold:   74         SH:  0    Dex: 12    Spells: 6/10 levels left

rFire   . . .      SeeInvis .   a - +0 dagger
rCold   . . .      Faith    .   (no shield)
rNeg    . . .      Spirit   .   (helmet restricted)
rPois   .          Reflect  .   (no amulet)
rElec   .          Harm     .   j - +4 ring of evasion
rCorr   .          Rampage  .   (no ring)
Will    .....                   (no ring)
Stlth   +++.......              (no ring)
HPRegen 0.09/turn               (no ring)
MPRegen 0.11/turn               (no ring)
                                (no ring)
                                (no ring)

@: no status effects
A: almost no armour, amphibious, 8 rings, camouflage 1, gelatinous body 1,
(nimble swimmer 1), tentacles
a: no special abilities


You were on level 2 of the Dungeon.
You visited 1 branch of the dungeon, and saw 2 of its levels.

You collected 74 gold pieces.

Inventory:

Hand Weapons
 a - a +0 dagger (weapon)
Jewellery
 j - a +4 ring of evasion (left tentacle)
Scrolls
 c - 6 scrolls of teleportation
 e - a scroll of poison {unknown}
 g - a scroll of blinking {unknown}
 h - a scroll of identify {unknown}
 i - a scroll of magic mapping {unknown}
Potions
 b - 2 potions of brilliance
 d - 2 potions of magic
 f - a potion of resistance {unknown}
 k - a potion of cancellation {unknown}


   Skills:
 - Level 2.0 Dodging
 - Level 2.6 Stealth
 + Level 3.9 Spellcasting
 - Level 1.0 Transmutations
 - Level 3.0 Earth Magic


You had 6 spell levels left.
You knew the following spells:

 Your Spells              Type           Power      Damage    Failure   Level
a - Sandblast             Erth           30%        2d9       4%          1
b - Stone Arrow           Conj/Erth      18%        3d8       22%         3

Your spell library contained the following spells:

 Spells                   Type           Power      Damage    Failure   Level
 Passwall                 Tmut/Erth      9%         N/A       10%         2
 Petrify                  Tmut/Erth      11%        N/A       52%         4


Dungeon Overview and Level Annotations

Branches:
Dungeon (2/15)

Altars:

Annotations:
D:2 Terence


Innate Abilities, Weirdness & Mutations

You cannot wear most types of armour.
You are amphibious.
You can wear up to eight rings at the same time.
Your skin changes colour to match your surroundings (Stealth+).
Your rubbery body absorbs attacks. (AC +1, EV +1)
((You are camouflaged when in or above water. (Stealth+)))
You have tentacles for arms and can constrict up to eight enemies at once.


Message History

Terence drinks a potion.
Terence goes berserk!
Casting: Sandblast (safe; 4% risk of failure)
Confirm with . or Enter, or press ? or * to list all spells.
Aiming: Sandblast (safe; 4% risk of failure)
Press: ? - help, Shift-Dir - straight line, f/p - Terence
Aim: Terence, wielding a +0 short sword and wearing a +0 chain mail (heavily wounded, constricted by you, berserk, 100% to hit)
The blast of sand hits Terence but does no damage.
Terence is heavily wounded.
You constrict Terence. Terence closely misses you.
Terence completely misses you.
Casting: Sandblast (safe; 4% risk of failure)
Confirm with . or Enter, or press ? or * to list all spells.
Aiming: Sandblast (safe; 4% risk of failure)
Press: ? - help, Shift-Dir - straight line, f/p - Terence
Aim: Terence, wielding a +0 short sword and wearing a +0 chain mail (severely wounded, constricted by you, berserk, 100% to hit)
The blast of sand hits Terence but does no damage.
Terence is severely wounded.
You constrict Terence. Terence closely misses you.
Terence hits you with a +0 short sword! Terence hits you with a +0 short sword.
* * * LOW HITPOINT WARNING * * *
Casting: Sandblast (safe; 4% risk of failure)
Confirm with . or Enter, or press ? or * to list all spells.
Aiming: Sandblast (safe; 4% risk of failure)
Press: ? - help, Shift-Dir - straight line, f/p - Terence
Aim: Terence, wielding a +0 short sword and wearing a +0 chain mail (severely wounded, constricted by you, berserk, 100% to hit)
The blast of sand hits Terence but does no damage.
Terence is severely wounded.
You constrict Terence, but do no damage.
Terence barely misses you. Terence hits you with a +0 short sword.
* * * LOW HITPOINT WARNING * * *
Casting: Sandblast (safe; 4% risk of failure)
Confirm with . or Enter, or press ? or * to list all spells.
Aiming: Sandblast (safe; 4% risk of failure)
Press: ? - help, Shift-Dir - straight line, f/p - Terence
Aim: Terence, wielding a +0 short sword and wearing a +0 chain mail (severely wounded, constricted by you, berserk, 100% to hit)
The blast of sand hits Terence but does no damage.
Terence is severely wounded.
You constrict Terence, but do no damage.
Terence misses you. Terence hits you with a +0 short sword.
You die...

#####....## ..
........... .#
####....## .#
##.#.# .# #....#
.# #.#### .# #.#
####@# #.#
#..@.# #.#
#.#### ##.#####
#.# #....... #.#
#..#.#.# ## #.#
#......#
..##.#########.#
##.##.#.#
..............†#
#..##....
.....###.#######
###'###....
###..###.#
#≈§.≈§#####


You could see Terence (berserk).

Vanquished Creatures
  2 adders (D:2)
  A worm (D:2)
  A dart slug (D:1)
  6 ball pythons
  A bat (D:1)
  7 endoplasms
  2 giant cockroaches
  A goblin (D:1)
  3 hobgoblins
  2 jackals (D:2)
  2 quokkas (D:1)
  2 kobolds
  A rat (D:1)
31 creatures vanquished.

Notes
Turn   | Place    | Note
-------+----------+-------------------------------------------
     0 | D:1      | TittyCrusher the Octopode Earth Elementalist began the
                  | quest for the Orb.
     0 | D:1      | Reached XP level 1. HP: 11/11 MP: 3/3
   225 | D:1      | Reached XP level 2. HP: 17/17 MP: 1/5
   596 | D:1      | Reached XP level 3. HP: 13/21 MP: 3/7
   796 | D:1      | Found a faded altar of an unknown god.
   971 | D:2      | Learned a level 3 spell: Stone Arrow
  1396 | D:2      | Reached XP level 4. HP: 27/27 MP: 7/9
  1424 | D:2      | Noticed Terence
  1433 | D:2      | HP: 1/27 [Terence/+0 short sword (6)]
  1434 | D:2      | Slain by Terence

Illustrated notes

Levels and vault maps discovered:
D:1:      dpeg_arrival_round_a, layout_rooms, basic_ecumenical_altar
D:2:      layout_loops_corners, kennysheep_big_empty_room,
          chequers_serial_rivers_small_a, hangedman_abyss_or_decor_stabs,
          moated_statue, kennysheep_generic_room_13, uniq_terence

Skill      XL: |  1  2 |
---------------+-------+-----
Spellcasting   | 3 |  3.9
Dodging        | |  2.0
Stealth        | |  2.6
Transmutations | |  1.0
Earth Magic    | |  3.0

Action                   |  1- 3 |  4- 6 || total
-------------------------+-------+-------++-------
Melee: Constrict         |     4 |     1 ||     5
       Tentacles         |     3 |       ||     3
       Unarmed           |     1 |       ||     1
       Dagger            |     6 |     1 ||     7
       Punch             |     1 |       ||     1
 Cast: Sandblast         |    40 |     9 ||    49
  Use: Scroll            |     1 |       ||     1
       Potion            |     1 |       ||     1
Armor: Skin              |     2 |       ||     2
Dodge: Dodged            |    10 |     7 ||    17
